 Dungeon Crawl Stone Soup version 0.29.1-15-g9cfb28693d (webtiles) character file.

Game seed: 9533257242999651098

109532 Eitelfritz the Executioner (level 16, -15/149 HPs)
             Began as a Hill Orc Fighter on Mar 24, 2023.
             Was an Elder of Uskayaw.
             Demolished by a salamander tyrant (29 damage)
             ... on level 3 of the Snake Pit.
             The game lasted 01:06:33 (21900 turns).

Eitelfritz the Executioner (Hill Orc Fighter)      Turns: 21900, Time: 01:06:34

Health: -15/149    AC: 34    Str: 27    XL:     16   Next: 52%
Magic:  27/27      EV: 12    Int:  8    God:    Uskayaw [****..]
Gold:   2021       SH:  0    Dex: 10    Spells: 15/15 levels left

rFire   . . .      SeeInvis .   a - +8 battleaxe
rCold   . . .      Faith    .   (shield currently unavailable)
rNeg    . . .      Spirit   .   Q - +3 plate armour {rPois}
rPois   +          Reflect  .   T - +1 helmet
rElec   .          Harm     .   f - +2 cloak {rCorr}
rCorr   +          Rampage  .   C - +0 pair of gloves
Will    +....                   s - +2 pair of boots
Stlth   ..........              o - amulet of regeneration
HPRegen 1.14/turn               M - ring of Ethics {+Blink AC+4}
MPRegen 0.20/turn               N - +4 ring of evasion

@: mighty
A: no striking features
a: Renounce Religion, Evoke Blink, Stomp, Line Pass


You were on level 3 of the Snake Pit.
You worshipped Uskayaw.
Uskayaw was pleased with you.
You visited 5 branches of the dungeon, and saw 25 of its levels.
You also visited: Ice Cave.

You collected 2731 gold pieces.
You spent 710 gold pieces at shops.

Inventory:

Hand Weapons
 a - a +8 battleaxe (weapon)
 b - a +2 arbalest of freezing
 q - a +0 broad axe of venom
 S - a +0 great mace of freezing
Missiles
 r - a throwing net
 H - 3 curare-tipped darts (quivered)
 V - 10 javelins
Armour
 e - the +1 chain mail of Peek-a-Boo {Rampage rF+ Will+ rCorr}
   (You found it on level 9 of the Dungeon)

   rF:        It protects you from fire.
   rCorr:     It protects you from acid and corrosion.
   Rampage:   It bestows one free step when moving towards enemies.
   Will:      It increases your willpower.
 f - a +2 cloak of preservation (worn)
 s - a +2 pair of boots (worn)
 C - a +0 pair of gloves (worn)
 Q - a +3 plate armour of poison resistance (worn)
 R - a +0 chain mail of cold resistance
 T - a +1 helmet (worn)
Jewellery
 d - a +4 ring of protection
 o - an amulet of regeneration (around neck)
 E - a ring of positive energy
 I - an amulet of the acrobat
 M - the ring of Ethics (left hand) {+Blink AC+4}
   (You took it off a vampire on level 8 of the Dungeon)

   [ring of protection]

   AC:        It affects your AC (+4).
   +Blink:    It lets you blink.
 N - a +4 ring of evasion (right hand)
 W - a ring of protection from fire
 Z - a ring of flight
Wands
 x - a wand of iceblast (30)
 y - a wand of flame (39)
 D - a wand of polymorph (9)
 G - a wand of quicksilver (15)
 O - a wand of digging (10)
 X - a wand of mindburst (18)
Scrolls
 c - 8 scrolls of identify
 h - 6 scrolls of teleportation
 k - 7 scrolls of amnesia
 l - 2 scrolls of silence
 m - 5 scrolls of fog
 v - 3 scrolls of fear
 F - 3 scrolls of vulnerability
 L - 3 scrolls of magic mapping
 U - a scroll of blinking
 Y - 6 scrolls of poison
Potions
 g - 12 potions of curing
 i - 2 potions of berserk rage
 j - 3 potions of mutation
 n - 4 potions of cancellation
 p - 2 potions of might
 t - 3 potions of invisibility
 u - a potion of magic
 w - 3 potions of brilliance
 A - 4 potions of ambrosia
 B - 7 potions of heal wounds
 K - 4 potions of haste
 P - a potion of flight


   Skills:
 + Level 15.5 Fighting
 + Level 21.8(21.9) Axes
 + Level 3.1(12.6) Maces & Flails
 + Level 1.7 Ranged Weapons
 + Level 13.2 Armour
 + Level 2.4 Dodging
 + Level 9.8 Stealth
 + Level 3.5 Shields
 * Level 15.3 Invocations


You had 15 spell levels left.
You didn't know any spells.
Your spell library contained the following spells:

 Spells                   Type           Power      Damage    Failure   Level
 Apportation              Tloc           0%         N/A       97%         1
 Beastly Appendage        Tmut           0%         N/A       97%         1
 Magic Dart               Conj           0%         1d3       97%         1
 Necrotise                Necr           0%         1d4       97%         1
 Summon Small Mammal      Summ           0%         N/A       97%         1
 Blink                    Tloc           0%         N/A       99%         2
 Call Imp                 Summ           0%         N/A       99%         2
 Poisonous Vapours        Pois/Air       0%         N/A       99%         2
 Searing Ray              Conj           0%         2d4       99%         2
 Static Discharge         Conj/Air       0%         3-3/arc   99%         2
 Sublimation of Blood     Necr           0%         N/A       99%         2
 Wereblood                Tmut           0%         N/A       99%         2
 Call Canine Familiar     Summ           0%         N/A       100%        3
 Gell's Gravitas          Tloc           0%         N/A       100%        3
 Lesser Beckoning         Tloc           0%         N/A       100%        3
 Mephitic Cloud           Conj/Pois/Air  0%         N/A       100%        3
 Portal Projectile        Hex/Tloc       0%         N/A       100%        3
 Spider Form              Tmut/Pois      0%         N/A       100%        3
 Teleport Other           Tloc           0%         N/A       100%        3
 Anguish                  Hex/Necr       0%         N/A       100%        4
 Corpse Rot               Necr/Pois/Air  0%         N/A       100%        4
 Dispel Undead            Necr           0%         3d6       100%        4
 Hailstorm                Conj/Ice       0%         3d3       100%        4
 Ice Form                 Ice/Tmut       0%         N/A       100%        4
 Leda's Liquefaction      Hex/Erth       0%         N/A       100%        4
 Passage of Golubria      Tloc           0%         N/A       100%        4
 Petrify                  Tmut/Erth      0%         N/A       100%        4
 Fireball                 Conj/Fire      0%         3d3       100%        5
 Freezing Cloud           Conj/Ice/Air   0%         6-21      100%        5
 Irradiate                Conj/Tmut      0%         3d11      100%        5
 Manifold Assault         Tloc           0%         N/A       100%        5
 Metabolic Englaciation   Hex/Ice        0%         N/A       100%        5
 Silence                  Hex/Air        0%         N/A       100%        5
 Summon Forest            Summ/Tloc      0%         N/A       100%        5
 Death Channel            Necr           0%         N/A       100%        6
 Dispersal                Tloc           0%         N/A       100%        6
 Eringya's Noxious Bog    Tmut/Pois      0%         N/A       100%        6
 Simulacrum               Ice/Necr       0%         N/A       100%        6
 Starburst                Conj/Fire      0%         6d3       100%        6
 Enfeeble                 Hex            0%         N/A       100%        7
 Summon Hydra             Summ           0%         N/A       100%        7
 Ignition                 Fire           0%         3d3       100%        8
 Lehudib's Crystal Spear  Conj/Erth      0%         10d2      100%        8
 Necromutation            Tmut/Necr      0%         N/A       100%        8


Dungeon Overview and Level Annotations

Branches:
Dungeon (14/15)            Temple (1/1) D:6            Lair (5/5) D:11
 Shoals (0/4) Lair:3        Snake (3/4) Lair:2        Slime (0/5) Lair:4
    Orc (2/2) D:12            Elf (0/3) Orc:2        Vaults (0/5) D:13
  IceCv (visited)

Altars:
Ashenzari
Cheibriados
Dithmenos
Elyvilon
Fedhas
Gozag
Hepliaklqana
Kikubaaqudgha
Makhleb
Nemelex Xobeh
Okawaru
Qazlal
Ru
Sif Muna
Trog
Uskayaw
Vehumet
Wu Jian
Xom
Yredelemnul
Zin
The Shining One
Beogh
Jiyva

Shops:
D:10 (   D:12 (   D:14 *   Orc:2 [(*((

Annotations:
D:6 1 runed translucent door, 386's ghost, novice MiFi
D:14 2 transporters, Opnastoc's ghost, journeyman MiBe


Message History

The salamander hits you from afar with a +2 halberd.
You are engulfed in flames!
* * * LOW HITPOINT WARNING * * *
The salamander hits you with a +2 halberd.
* * * LOW HITPOINT WARNING * * *
You are engulfed in flames!
* * * LOW HITPOINT WARNING * * *
You slash the salamander!
The salamander is moderately wounded.
Uskayaw will force your foes to helplessly watch your dance.
You slash the salamander!
The salamander is heavily wounded.
The salamander tyrant gazes fiercely through you!
You feel your attacks grow feeble.
The salamander hits you but does no damage.
You carve the salamander like a ham!!!
The salamander is almost dead.
You slash the salamander tyrant!
The salamander tyrant is lightly wounded.
Uskayaw will force your foes to share their pain.
Uskayaw links your audience in an emotional bond!
You barely miss the salamander tyrant.
The salamander tyrant is lightly wounded.
The salamander barely misses you.
The salamander tyrant gazes fiercely through you!
You feel as though you will be weak longer.
The salamander tyrant hits you but does no damage.
Your magical effects are unravelling.
You feel magically purged.
Your attacks no longer feel as feeble.
The salamander hits you but does no damage.
You feel very mighty all of a sudden.
The salamander hits you from afar with a +2 halberd!
* * * LOW HITPOINT WARNING * * *
You are engulfed in flames!
* * * LOW HITPOINT WARNING * * *
The salamander tyrant hits you.
* * * LOW HITPOINT WARNING * * *
You are engulfed in flames!!
You die...

#............##.....###.
##............##...## ..
#...).........##### .#
#....####...... #....#
#...... ##...## .......
#.....##......#
........#.#....#
........#@#....#
........##N....#
#.......##.N...#
##......###.......
##.....# ....... #.....#
#...$.. ####.. .


You could see a salamander tyrant (pain bonded) and a salamander (pain bonded).

Vanquished Creatures
  Asterion (Snake:2)
  An orc warlord (Orc:2)
  A vault guard (D:13)
  3 boulder beetles
  4 hydras
  7 anacondas
  4 catoblepae (Lair:5)
  7 centaur warriors
  4 naga warriors
  16 death yaks
  An orc high priest (Orc:2)
  4 two-headed ogres
  6 shock serpents
  A skeletal warrior (D:9)
  3 naga ritualists
  A necromancer (IceCv)
  2 deep elf pyromancers
  An orc knight (Orc:1)
  A wolf spider (D:14)
  3 mana vipers
  6 orc sorcerers
  12 ugly things
  8 elephants (Lair:5)
  6 manticores
  Joseph (D:7)
  3 salamanders
  4 cyclopes
  2 guardian serpents (Snake:2)
  An ice statue (IceCv)
  16 black mambas
  Maurice (D:8)
  2 gargoyles
  3 naga magi
  7 cane toads
  3 rime drakes
  7 freezing wraiths
  2 anaconda simulacra (IceCv)
  2 efreet
  An unseen horror (D:10)
  11 komodo dragons
  Maggie (D:7)
  2 kobold demonologists (D:11)
  11 ice devils (IceCv)
  2 tengu conjurers (D:14)
  5 trolls
  A polar bear (shapeshifter) (D:14)
  A polar bear (Lair:5)
  A wind drake (Lair:3)
  A tyrant leech (Lair:4)
  Grinder (D:4)
  10 slime creatures
  7 dream sheep (Lair:5)
  15 blink frogs
  A vampire (D:8)
  4 shadows
  2 dire elephant simulacra (IceCv)
  2 wraiths (D:11)
  46 yaks
  6 wyverns
  9 basilisks
  A fire elemental (Lair:3)
  A steam dragon (Lair:3)
  4 vampire mosquitoes (D:11)
  A human (shapeshifter) (D:14)
  2 harpy simulacra (IceCv)
  4 death yak simulacra (IceCv)
  3 wargs
  12 nagas
  3 swamp worms (Lair:4)
  Duvessa (D:7)
  8 water moccasins
  30 orc warriors
  5 black bears
  2 ice beasts
  8 ogres
  16 wolves
  18 centaurs
  A phantom (D:5)
  5 kobold brigands
  A necrophage (D:6)
  9 bullfrogs
  A scorpion (D:6)
  2 gnoll sergeants
  5 cane toad simulacra (IceCv)
  6 wights
  5 killer bees
  6 elephant simulacra (IceCv)
  Dowan (D:7)
  An electric eel (Lair:4)
  5 howler monkeys
  30 orc priests
  7 jellies
  Crazy Yiuf (D:4)
  2 gnoll boudas
  4 hounds
  Natasha (thrice) (D:2)
  7 iguanas
  37 orc wizards
  2 spriggan simulacra (IceCv)
  Terence (D:3)
  4 hell rats (Lair:3)
  3 polar bear simulacra (IceCv)
  2 wolf simulacra (IceCv)
  17 gnolls
  9 adders
  A shadow imp (D:6)
  2 white imps (IceCv)
  7 ufetubi
  A worm (D:3)
  3 dart slugs
  87 orcs
  5 bats
  7 endoplasms
  3 giant cockroaches
  10 goblins
  7 hobgoblins
  3 jackals (D:3)
  12 kobolds
  3 quokkas
  6 ball pythons
  3 frilled lizards
  2 rats (D:1)
  A bush (Lair:5)
756 creatures vanquished.

Vanquished Creatures (others)
  2 orc wizards (Orc:2)
  11 fungi
  16 plants
29 creatures vanquished.

Grand Total: 785 creatures vanquished

Notes
Turn   | Place    | Note
-------+----------+-------------------------------------------
     0 | D:1      | Eitelfritz the Hill Orc Fighter began the quest for the
                  | Orb.
     0 | D:1      | Reached XP level 1. HP: 19/19 MP: 1/1
   157 | D:1      | Reached XP level 2. HP: 27/27 MP: 2/2
   198 | D:1      | Reached skill level 3 in Axes
   387 | D:1      | Reached XP level 3. HP: 33/33 MP: 3/3
   817 | D:2      | Noticed Natasha
   827 | D:2      | Killed Natasha
   828 | D:2      | Reached skill level 4 in Axes
   872 | D:2      | Reached XP level 4. HP: 40/40 MP: 4/4
   977 | D:2      | Noticed Natasha
  1008 | D:2      | Killed Natasha
  1101 | D:2      | Found a faded altar of an unknown god.
  1202 | D:2      | Noticed Natasha
  1209 | D:2      | Killed Natasha
  1210 | D:2      | Reached skill level 5 in Axes
  1210 | D:2      | Reached XP level 5. HP: 45/46 MP: 5/5
  1269 | D:3      | Noticed Terence
  1423 | D:3      | Killed Terence
  1681 | D:3      | Found a shadowy altar of Dithmenos.
  1738 | D:3      | Found a snail-covered altar of Cheibriados.
  1804 | D:3      | Reached XP level 6. HP: 50/53 MP: 6/6
  2023 | D:4      | Reached skill level 6 in Axes
  2110 | D:4      | Reached skill level 5 in Fighting
  2372 | D:4      | Noticed Grinder
  2395 | D:4      | Reached skill level 7 in Axes
  2402 | D:4      | Reached skill level 5 in Armour
  2402 | D:4      | Reached XP level 7. HP: 61/61 MP: 7/7
  2420 | D:4      | Killed Grinder
  2421 | D:4      | Reached skill level 8 in Axes
  2530 | D:4      | Found a bloodstained altar of Trog.
  2874 | D:4      | Found a runed translucent door.
  2875 | D:4      | Noticed Crazy Yiuf
  2891 | D:4      | Killed Crazy Yiuf
  2955 | D:5      | Entered Level 5 of the Dungeon
  3042 | D:5      | Found a shimmering blue altar of Sif Muna.
  3072 | D:5      | Reached skill level 9 in Axes
  3078 | D:5      | Reached XP level 8. HP: 69/69 MP: 8/8
  3141 | D:5      | Found a blossoming altar of Fedhas.
  3321 | D:5      | Reached skill level 10 in Axes
  3971 | D:6      | Reached skill level 11 in Axes
  4032 | D:6      | Reached XP level 9. HP: 75/78 MP: 9/9
  4062 | D:6      | Found a staircase to the Ecumenical Temple.
  4112 | D:6      | Identified the +2 hand axe of Byposid {vorpal, *Rage Will+
                  | Str+4}
  4333 | D:6      | Found a runed translucent door.
  4333 | D:6      | Found a shimmering altar of Xom.
  4333 | D:6      | Noticed 386's ghost (novice MiFi)
  4334 | D:6      | Noticed a +1 whip of chaos
  4587 | D:7      | Reached skill level 12 in Axes
  4818 | D:7      | You fall into a shaft and drop 3 floors!
  4818 | D:10     | Entered Level 10 of the Dungeon
  4893 | D:10     | Killed an unseen horror
  4894 | D:10     | Reached skill level 1 in Ranged Weapons
  4960 | D:10     | Reached skill level 13 in Axes
  5074 | D:9      | Noticed a skeletal warrior
  5097 | D:8      | Reached XP level 10. HP: 88/88 MP: 10/10
  5118 | D:8      | Noticed Maurice
  5139 | D:8      | Noticed a five-headed hydra
  5241 | D:7      | Noticed Duvessa
  5241 | D:7      | Noticed Dowan
  5257 | D:7      | Killed Dowan
  5269 | D:7      | Killed Duvessa
  5422 | D:7      | Noticed Joseph
  5446 | D:7      | Killed Joseph
  5447 | D:7      | Reached skill level 14 in Axes
  5542 | D:7      | Noticed Maggie
  5559 | D:7      | Killed Maggie
  5887 | Temple   | Entered the Ecumenical Temple
  5981 | Temple   | Became a worshipper of Uskayaw the Reveller
  6175 | D:8      | Noticed a cyclops
  6302 | D:8      | Reached * piety under Uskayaw
  6304 | D:8      | Reached ** piety under Uskayaw
  6310 | D:8      | Reached *** piety under Uskayaw
  6314 | D:8      | Reached **** piety under Uskayaw
  6315 | D:8      | Reached skill level 1 in Invocations
  6327 | D:8      | Identified the +8 ring mail of the Noxious God {*Corrode
                  | Str+4 Int+4 Dex+2}
  6367 | D:8      | Killed a cyclops
  6498 | D:8      | Reached ***** piety under Uskayaw
  6594 | D:8      | Reached skill level 1 in Dodging
  6659 | D:8      | Killed a five-headed hydra
  6660 | D:8      | Reached skill level 1 in Maces & Flails
  6660 | D:8      | Reached skill level 1 in Stealth
  6792 | D:8      | Identified the ring of Ethics {+Blink AC+4}
  6807 | D:8      | Reached skill level 15 in Axes
  6807 | D:8      | Reached XP level 11. HP: 88/97 MP: 13/13
  7025 | D:8      | Killed Maurice
  7266 | D:9      | Found a sparkling altar of Nemelex Xobeh.
  7366 | D:9      | Noticed a red ugly thing
  7368 | D:9      | Noticed a boulder beetle
  7370 | D:9      | Noticed a manticore
  7371 | D:9      | Noticed a two-headed ogre
  7378 | D:9      | Killed a boulder beetle
  7381 | D:9      | Killed a manticore
  7381 | D:9      | Killed a two-headed ogre
  7410 | D:9      | Noticed a deep elf pyromancer
  7499 | D:8      | Killed a deep elf pyromancer
  7500 | D:8      | Reached skill level 5 in Invocations
  7562 | D:9      | Killed a skeletal warrior
  7652 | D:9      | Killed a red ugly thing
  7656 | D:9      | Identified the +1 chain mail of Peek-a-Boo {Rampage rF+
                  | Will+ rCorr}
  7975 | D:9      | Reached skill level 16 in Axes
  8292 | D:10     | Reached skill level 10 in Fighting
  8416 | D:10     | Found Adir's Antique Weapon Shoppe.
  8924 | D:11     | Reached ****** piety under Uskayaw
  9001 | D:11     | Reached XP level 12. HP: 106/107 MP: 17/17
  9150 | D:11     | Noticed a boulder beetle
  9170 | D:11     | Killed a boulder beetle
  9283 | D:11     | Reached skill level 10 in Armour
  9298 | D:11     | Noticed a two-headed ogre
  9299 | D:11     | Found a staircase to the Lair.
  9303 | D:11     | Killed a two-headed ogre
  9304 | D:11     | Reached skill level 17 in Axes
  9612 | D:10     | Bought a glowing hand axe for 198 gold pieces
  9731 | D:12     | Noticed a centaur warrior
  9738 | D:12     | Killed a centaur warrior
  9886 | D:12     | Found a frozen archway.
  9897 | IceCv    | Entered an ice cave
 10263 | IceCv    | Found an ancient bone altar of Kikubaaqudgha.
 10286 | IceCv    | Reached skill level 18 in Axes
 10382 | IceCv    | Reached XP level 13. HP: 109/116 MP: 19/19
 10448 | IceCv    | Got Orohoob's Anthology of the Shrike
 10676 | D:12     | Found a staircase to the Orcish Mines.
 10679 | D:12     | Found Ilived's Weapon Emporium.
 10693 | D:12     | Reached skill level 5 in Stealth
 10752 | D:12     | Reached skill level 10 in Invocations
 11620 | D:13     | Found a gate to the Vaults.
 11620 | D:13     | Noticed a vault guard
 11631 | D:13     | Killed a vault guard
 12309 | D:14     | Found a transporter.
 12324 | D:14     | Noticed Opnastoc's ghost (journeyman MiBe)
 12329 | D:14     | Reached skill level 19 in Axes
 12339 | D:14     | Found a transporter.
 12585 | D:14     | Reached XP level 14. HP: 127/127 MP: 22/22
 12640 | D:14     | Found Ufuedangi's General Store.
 13204 | Lair:1   | Entered Level 1 of the Lair of Beasts
 13482 | Lair:1   | Reached skill level 20 in Axes
 13897 | Lair:2   | Found a staircase to the Snake Pit.
 14611 | Lair:3   | Found a staircase to the Shoals.
 15767 | Lair:4   | Got the Tractate on Blasts
 15841 | Lair:4   | Found a viscous altar of Jiyva.
 15841 | Lair:4   | Found a staircase to the Slime Pits.
 15857 | Lair:4   | You fall into a shaft and drop 1 floor!
 15857 | Lair:5   | Entered Level 5 of the Lair of Beasts
 15868 | Lair:5   | Reached XP level 15. HP: 135/137 MP: 24/24
 16439 | Lair:5   | Reached skill level 21 in Axes
 17478 | Orc:1    | Entered Level 1 of the Orcish Mines
 17478 | Orc:1    | Found a roughly hewn altar of Beogh.
 17682 | Orc:2    | Entered Level 2 of the Orcish Mines
 17890 | Orc:2    | Found a staircase to the Elven Halls.
 17966 | Orc:1    | Paralysed by an orc sorcerer for 2 turns
 18930 | Orc:2    | Noticed an orc warlord
 18953 | Orc:2    | Killed an orc warlord
 19057 | Orc:2    | Found Qap Irchu's Weapon Emporium.
 19066 | Orc:2    | Bought a +2 arbalest of freezing for 261 gold pieces
 19115 | Orc:2    | Reached skill level 15 in Fighting
 19255 | Orc:2    | Found Xigulo's Antique Weapon Boutique.
 19255 | Orc:2    | Found Ladal's Weapon Shop.
 19261 | Orc:2    | Found Gonaume's Assorted Antiques.
 19265 | Orc:2    | Found Guicw's Armour Boutique.
 19269 | Orc:2    | Bought a throwing net for 39 gold pieces
 19270 | Orc:2    | Bought a scroll labelled YJUELI LYREILL for 25 gold pieces
 19270 | Orc:2    | Bought a scroll of enchant weapon for 187 gold pieces
 19503 | Snake:1  | Entered Level 1 of the Snake Pit
 19688 | Snake:1  | Reached XP level 16. HP: 108/149 MP: 26/26
 20708 | Snake:2  | Reached skill level 15 in Invocations
 20938 | Snake:2  | Identified the +7 spear of the Big Bang {antimagic, Str+6}
 21098 | Snake:2  | Noticed Asterion
 21108 | Snake:2  | Killed Asterion
 21900 | Snake:3  | Demolished by a salamander tyrant

Illustrated notes

Levels and vault maps discovered:
D:1:      psy_arrival_statuary, layout_basic
D:2:      layout_basic, dreamdust_ecumenical_altar_angels_and_demons,
          uniq_natasha
D:3:      layout_rooms, mainiacjoe_overflow_big_doors, uniq_terence
D:4:      layout_loops_corners, kennysheep_mini_moat, uniq_crazy_yiuf_cottage,
          uniq_grinder
D:5:      layout_cave_pods, mainiacjoe_overflow_catch_the_wave,
          kennysheep_doodads
D:6:      layout_rooms, minmay_temple_entry_proselytizer, ebering_ghost_xom,
          dk_noncrumbling_4
D:7:      layout_basic, hex_intersection, uniq_maggie, uniq_joseph, uniq_duvessa
D:8:      layout_rooms, serial_aquarium, aquarium_bridge_long_separate
          [aquarium_subvault_bridge, aquarium_subvault_wall,
          aquarium_subvault_bridge, aquarium_subvault_bridge,
          aquarium_subvault_wall, aquarium_subvault_bridge], aquarium_window_1,
          aquarium_window_corner, aquarium_window_1, aquarium_view_2d,
          minmay_pinched_square, uniq_maurice
D:9:      minmay_the_grid_triangle_9x9_recursive_2_mashed
          [minmay_the_grid_triangle_9x9_prize_top_heavy,
          minmay_the_grid_triangle_9x9_semitri,
          minmay_the_grid_triangle_9x9_empty,
          minmay_the_grid_triangle_9x9_empty], layout_basic, old_standard_altar,
          enter_bailey_3, item_on_display_b
D:10:     layout_basic, serial_shops, shop
D:11:     layout_cave_pods, david_lair_generic,
          nicolae_concentric_dashed_squares_wild
D:12:     layout_stronghold, orc_david_3, portal_ice_cave_entry_pillars_2
D:13:     layout_roguey, david_vaults_5
D:14:     layout_loops_cross, gammafunk_ghost_arena, serial_shops,
          nicolae_shop_stone, minivault_11
Temple:   lightli_temple_of_artemis
Lair:1:   layout_roguey, minivault_24
Lair:2:   layout_chaotic_city, guppyfry_snake_entry_island,
          chequers_serial_rivers_room_a, minmay_hedge_maze, grunt_megastairs_1,
          infiniplex_staircase_pool_2
Lair:3:   layout_gridlike, minmay_shoals_entry_beasts, lemuel_fruit_tree
Lair:4:   layout_big_grid, nicolae_slime_entry_slimehenge,
          eino_small_chamber_without_monster, worms_lemuel, serial_bayou_shore_a
Lair:5:   evilmike_catoblepas_cave, layout_gridlike, kennysheep_basilisk_garden,
          grunt_megastairs_3
Snake:1:  layout_concentric_octagons
Snake:2:  layout_onion, abandoned_shop, serial_bayou_pond_a,
          nicolae_large_snake_swirl, uniq_asterion
Snake:3:  layout_onion_interference, special_room, nicolae_integral_box
Orc:1:    layout_caves, basic_altar
Orc:2:    st_orc_mages, layout_caves, serial_shops, shop

Skill      XL: |  1  2  3  4  5  6  7  8  9 10 11 12 13 14 15 16 |
---------------+-------------------------------------------------+-----
Axes           | 3 4 5 7 9 11 13 15 16 18 19 20 21 | 21.8
Fighting       | 4 5 6 7 9 10 11 12 13 15 | 15.5
Armour         | 4 5 6 8 9 10 11 12 13 | 13.2
Ranged Weapons | 1 |  1.7
Invocations    | 3 6 9 11 13 14 15 | 15.3
Dodging        | 1 2 |  2.4
Maces & Flails | 1 2 3 |  3.1
Stealth        | 1 2 4 5 7 9 |  9.8
Shields        | |  3.5

Action                   |  1- 3 |  4- 6 |  7- 9 | 10-12 | 13-15 | 16-18 || total
-------------------------+-------+-------+-------+-------+-------+-------++-------
Melee: War axe           |    75 |   202 |   289 |   138 |       |       ||   704
       Punch             |       |     1 |     4 |     1 |       |       ||     6
       Battleaxe         |       |       |       |   383 |   853 |   165 ||  1401
       Dire flail        |       |       |       |     7 |       |       ||     7
       Morningstar       |       |       |       |       |    14 |       ||    14
       Great mace        |       |       |       |       |     6 |       ||     6
 Fire: Sling             |       |       |     2 |       |       |       ||     2
       Shortbow          |       |       |     3 |       |       |       ||     3
       Arbalest          |       |       |       |     4 |       |       ||     4
  Use: Potion            |       |     1 |       |     1 |       |     2 ||     4
       Scroll            |       |    12 |     8 |     6 |     9 |       ||    35
 Stab: Paralysed         |       |       |       |    36 |   119 |    25 ||   180
       Petrifying        |       |       |       |       |     2 |       ||     2
       Petrified         |       |       |       |       |     1 |       ||     1
Armor: Plate armour      |    72 |   211 |   257 |   305 |   611 |   108 ||  1564
       Swamp dragon scal |       |       |       |    75 |       |       ||    75
       Skin              |       |       |       |     1 |       |       ||     1
       Chain mail        |       |       |       |    13 |    10 |       ||    23
Dodge: Dodged            |    39 |    83 |    98 |   233 |   460 |    90 ||  1003
Block: Buckler           |     2 |       |       |       |       |       ||     2
